 Dungeon Crawl Stone Soup version 0.22-a0 (webtiles) character file.

646748 Leszczynek the Severer (level 25, -29/261 HPs)
             Began as a Deep Dwarf Fighter on Dec 30, 2017.
             Was the Champion of Makhleb.
             Annihilated by Cerebov
             ... wielding the +6 sword of Cerebov {flame}
              (45 damage)
             ... in Pandemonium on Dec 31, 2017.
             The game lasted 03:42:59 (24599 turns).

Leszczynek the Severer (Deep Dwarf Fighter)        Turns: 24599, Time: 03:42:59

Health: -29/261    AC: 39    Str: 27    XL:     25   Next: 28%
Magic:  20/23      EV: 22    Int: 13    God:    Makhleb [******]
Gold:   1405       SH:  0    Dex: 24    Spells: 11/42 levels left

rFire    + + .     SeeInvis .   a - +9 battleaxe "Qojop" {holy, +Rage MR+ MP+9}
rCold    . . .     Gourm    .   (shield currently unavailable)
rNeg     + + .     Faith    +   s - +8 plate armour "Gedop" {rCorr Stlth+}
rPois    .         Spirit   .   p - +0 helmet of Chimes {rElec rF+}
rElec    +         Reflect  .   r - +1 cloak of Starlight {rElec rC+ EV+4 Stlth--}
rCorr    +         Harm     .   y - +2 pair of gloves {Dex+3}
MR       ++++.                  o - +2 pair of boots
Stlth    ..........             u - amulet of Dear {Faith rF+}
HPRegen  0.00/turn              c - ring of Makhleb's Hope {rN+ Str+2}
MPRegen  0.18/turn              E - ring of Ithiog {Fire Dex+6}

@: fire vulnerable, berserk cooldown, very slightly contaminated,
non-regenerating, hasted and slowed
A: damage resistance, heal wounds, hooves 1, iridescent scales 1, rugged brown
scales 1, deterioration 1, negative energy resistance 1, sense surroundings 3,
no potion heal 1, MP-powered wands, no regeneration
}: 7/15 runes: serpentine, barnacled, slimy, silver, demonic, glowing, dark
a: Heal Wounds, Minor Destruction, Lesser Servant of Makhleb, Major Destruction,
Greater Servant of Makhleb, Renounce Religion, Evoke Berserk Rage


You were in Pandemonium.
You worshipped Makhleb.
Makhleb was exalted by your worship.
You were not hungry.

You visited 9 branches of the dungeon, and saw 47 of its levels.
You visited Pandemonium 1 time, and saw 11 of its levels.
You also visited: Labyrinth, Ossuary, Ice Cave and Desolation.

You collected 4616 gold pieces.
You spent 3211 gold pieces at shops.

Inventory:

Hand Weapons
 a - the +9 battleaxe "Qojop" (weapon) {holy, +Rage MR+ MP+9}
   (You bought it in a shop on level 2 of the Orcish Mines)

   It has been blessed by the Shining One to cause great damage to the undead
   and demons.
   It affects your resistance to hostile enchantments.
   It affects your magic capacity (+9).
   It lets you go berserk.
 J - a +3 broad axe of freezing
Missiles
 v - 6 throwing nets (quivered)
Armour
 o - a +2 pair of boots (worn)
 p - the +0 helmet of Chimes (worn) {rElec rF+}
   (You found it on level 4 of the Shoals)

   It protects you from fire.
   It insulates you from electricity.
 r - the +1 cloak of Starlight (worn) {rElec rC+ EV+4 Stlth--}
   (You found it in the Desolation of Salt)

   It affects your evasion (+4).
   It protects you from cold.
   It insulates you from electricity.
   It makes you much less stealthy.
 s - the +8 plate armour "Gedop" (worn) {rCorr Stlth+}
   (You found it in a labyrinth)

   It protects you from acid and corrosion.
   It makes you more stealthy.
 y - a +2 pair of gloves of dexterity (worn)
 Y - the +2 shield of Resistance {rF+ rC+ MR+}
   (You found it on level 5 of the Pits of Slime)

   It protects you from fire.
   It protects you from cold.
   It affects your resistance to hostile enchantments.
Jewellery
 b - an uncursed ring of wizardry
 c - the ring of Makhleb's Hope (left hand) {rN+ Str+2}
   (You found it in the Desolation of Salt)

   [ring of strength]

   It affects your strength (+2).
   It protects you from negative energy.
 u - the amulet of Dear (around neck) {Faith rF+}
   (You found it in the Desolation of Salt)

   [amulet of faith]

   It allows you to gain divine favour quickly.
   It protects you from fire.
 E - the ring of Ithiog (right hand) {Fire Dex+6}
   (You found it on level 5 of the Pits of Slime)

   [ring of fire]

   It enhances your fire magic.
   It affects your dexterity (+6).
   It protects you from fire.
   It makes you vulnerable to cold.
 K - the ring "Umuariew" {rC++ SInv}
   (You found it in Pandemonium)

   [ring of see invisible]

   It greatly protects you from cold.
   It lets you see invisible.
 M - the ring of Due Proportion {*Tele rPois MR+++ Str-3 SInv}
   (You bought it in a shop on level 2 of the Orcish Mines)

   [ring of teleportation]

   It may teleport you next to monsters.
   It affects your strength (-3).
   It protects you from poison.
   It affects your resistance to hostile enchantments.
   It lets you see invisible.
Wands
 x - a wand of digging (8)
 D - a wand of acid (7)
 N - a wand of iceblast (40)
 O - a wand of enslavement (17)
 P - a wand of paralysis (39)
 S - a wand of clouds (8)
 U - a wand of scattershot (11)
 W - a wand of disintegration (24)
Scrolls
 g - a scroll of blinking
 m - 15 scrolls of remove curse {@r2}
 n - 2 scrolls of summoning
 q - a scroll of identify {@r1}
 B - 2 scrolls of fog
 F - 2 scrolls of magic mapping
 G - 7 scrolls of teleportation
 H - 6 scrolls of enchant armour
 I - 5 scrolls of fear
 V - 6 scrolls of vulnerability {!r}
 X - 5 scrolls of enchant weapon
Potions
 f - a potion of magic
 j - a potion of mutation {!q}
 k - 2 potions of haste
 l - 4 potions of brilliance
 t - 4 potions of agility
 w - 6 potions of flight
 L - a potion of cancellation
 Q - 9 potions of lignification {!q}
 R - 13 potions of curing {@q1}
 T - a potion of might
 Z - 3 potions of resistance
Miscellaneous
 e - 2 sacks of spiders
 h - a fan of gales
 i - a lamp of fire
 z - 2 phantom mirrors
 A - a phial of floods
 C - a box of beasts
Comestibles
 d - 54 rations


   Skills:
 + Level 20.3 Fighting
 + Level 20.5 Axes
 + Level 15.0 Armour
 + Level 13.3 Dodging
 - Level 7.4 Shields
 - Level 9.0 Spellcasting
 - Level 6.0 Charms
 - Level 14.8 Translocations
 - Level 13.0 Transmutations
 * Level 18.5 Earth Magic
 - Level 12.2 Invocations
 + Level 15.1 Evocations


You had 11 spell levels left.
You knew the following spells:

 Your Spells              Type           Power        Failure   Level  Hunger
a - Song of Slaying       Chrm           ###.....     10%         2    None
b - Lesser Beckoning      Tloc           #####.....   1%          3    ##.....
c - Statue Form           Tmut/Erth      #####....    19%         6    #######
d - Passage of Golubria   Tloc           N/A          1%          4    ####...
e - Passwall              Tmut/Erth      #####.....   1%          2    None
f - Summon Butterflies    Summ           #.......     61%         1    None
g - Irradiate             Conj/Tmut      ###.......   83%         5    #####..
h - Lee's Rapid Deconstr  Erth           ######....   1%          5    #####..
A - Apportation           Tloc           #####.       1%          1    None
B - Blink                 Tloc           N/A          1%          2    None


Dungeon Overview and Level Annotations

Branches:
Dungeon (15/15)            Temple (1/1) D:7            Lair (6/6) D:10
 Shoals (4/4) Lair:3        Snake (4/4) Lair:3        Slime (5/5) Lair:6
    Orc (2/2) D:10            Elf (0/3) Orc:2        Vaults (5/5) D:14
  Crypt (0/3) Vaults:2     Depths (5/5) D:15            Zot (0/5) Depths:5

Altars:
Ashenzari
Cheibriados
Dithmenos
Fedhas
Gozag
Hepliaklqana
Makhleb
Okawaru
Qazlal
Ru
Sif Muna
Uskayaw
Vehumet
Wu Jian
Xom
Yredelemnul
Zin
Beogh
Jiyva

Shops:
D:8 *   D:10 }   Orc:2 *[(?

Portals:
Hell: Depths:2 Depths:3 Depths:4
Pandemonium: Depths:3
Trove: D:12 (give +6 demon blade)

Annotations:
D:13 melvinkitnick's ghost, journeyman GnNe
D:14 vaults
Shoals:3 exclusion: downstairs
Pan Cerebov


Innate Abilities, Weirdness & Mutations

You are resistant to damage.
You can heal yourself by infusing magical energy.
You resist negative energy. (rN+)
You passively map a large area around you.
You do not regenerate.
You have large cloven feet.
You are partially covered in iridescent scales. (AC +2)
You are partially covered in rugged brown scales. (AC +1, +3% HP)
Your body sometimes deteriorates upon taking damage.
Potions are less effective at restoring your health.
You expend magic power (3 MP) to strengthen your wands.


Message History

The scroll dissolves into smoke.
Okay, then.
You feel much better.
Evoke which item? (* to show all) (? for menu, Esc to quit)
Aiming: Corrosive Bolt
Press: ? - help, Shift-Dir - straight line, f - Cerebov
Aim: Cerebov, wielding a great serpentine sword {flame} (black smoke, severely wounded, fast, unusually strong)
The bolt of acid hits Cerebov.
Cerebov is splashed with acid.
The acid corrodes Cerebov!
Cerebov is severely wounded.
Cerebov hits you with a great serpentine sword {flame}!!
* * * LOW HITPOINT WARNING * * *
Cerebov burns you.
* * * LOW HITPOINT WARNING * * *
Unknown command.
Unknown command.
You closely miss Cerebov.
Cerebov is severely wounded.
Cerebov hits you with a great serpentine sword {flame}!!!
You die...

* , , , , , , ,
, , *, * *** *
** , ** , ** ,
,, , , , , ,,,,
, , , , , , , ,
,,* , , ,
,##### , ,, , ,
, #@§§# , , , *
,* ,#§&§# * * *
* , ,
#§§2##########+
, ≈
####'#......1..
,,≈
##&)#.#.#... *
, #.2##.... ,
,, *#.##......
, , , , ,
#2§.....≈≈R§ ,,
, , ,
*#R#....≈≈≈≈. ,


You could see Cerebov and a green death.

Vanquished Creatures
  the Royal Jelly (Slime:5)
  Mnoleg (Pan)
  Mara (Depths:5)
  A juggernaut (Depths:2)
  2 ancient liches (Vaults:5)
  2 pandemonium lords (Pan)
  Vashnia (Snake:4)
  2 golden dragons
  3 Brimstone Fiends (Pan)
  A Tzitzimitl (Pan)
  4 liches
  5 tentacled monstrosities
  4 Ice Fiends (Pan)
  5 titans
  2 quicksilver dragons (Depths:2)
  17 Executioners (Pan)
  8 acid blobs
  2 krakens (Shoals:4)
  5 tengu reavers (Vaults:5)
  6 shadow dragons
  3 storm dragons
  10 daevas (Pan)
  3 azure jellies (Slime:5)
  7 nagarajas (Snake:4)
  Ilsuiw (Shoals:4)
  10 vault wardens
  An imperial myrmidon (Desolation)
  13 fire giants
  An orc warlord (Orc:2)
  3 iron dragons
  12 balrugs
  7 frost giants
  A caustic shrike zombie (Depths:3)
  A draconian scorcher (Depths:5)
  Aizul (Snake:1)
  14 cacodemons (Pan)
  A deep elf sorcerer (Vaults:5)
  3 warmongers (Pan)
  6 ironheart preservers
  27 very ugly things
  7 reapers (Pan)
  15 angels (Pan)
  A draconian annihilator (Depths:5)
  11 ophanim (Pan)
  A war gargoyle (Vaults:5)
  A deep elf demonologist (Depths:2)
  3 black suns (Pan)
  4 blood saints (Pan)
  9 stone giants
  A corrupter (Pan)
  5 lorocyprocas (Pan)
  2 green draconians (Depths:5)
  11 apis (Pan)
  2 halazid warlocks (Desolation)
  2 deep elf annihilators (Vaults:5)
  2 yellow draconians (Depths:5)
  2 white draconians (Depths:5)
  A red draconian (Depths:5)
  Azrael (D:14)
  2 spark wasps (Depths:5)
  3 crystal guardians (Desolation)
  4 deep elf death magi
  4 blizzard demons
  5 ettins (Vaults:5)
  A green death (Pan)
  A minotaur (Lab)
  3 merfolk javelineers
  10 merfolk impalers
  8 great orbs of eyes
  5 death oozes (Slime:5)
  2 jiangshi (Depths:1)
  6 yaktaur captains
  6 fire dragons
  A rakshasa (Depths:4)
  6 deep elf high priests
  7 ragged hierophants (Desolation)
  6 ice dragons
  29 vault guards
  A caustic shrike simulacrum (Depths:3)
  2 peacekeepers (Desolation)
  17 naga warriors
  Erica (D:8)
  8 merfolk avatars
  7 servants of whispers (Desolation)
  3 centaur warriors
  A quicksilver dragon skeleton (Depths:2)
  4 monstrous demonspawn (Pan)
  2 spriggan air magi
  7 hydras
  13 anacondas
  3 alligator snapping turtles
  A catoblepas (D:14)
  7 merfolk aquamancers
  A death knight (D:12)
  19 tengu warriors
  2 ogre magi (Vaults:5)
  A dancing weapon (Vaults:5)
  4 deep troll shamans
  6 deep troll earth magi
  16 two-headed ogres
  Urug (Orc:1)
  2 vampire magi
  An orc high priest (Orc:2)
  15 soul eaters
  17 spriggan berserkers
  14 naga sharpshooters
  4 shock serpents
  A titan skeleton (Pan)
  A deep elf knight (Vaults:2)
  30 sun demons
  Nergalle (Orc:1)
  13 sixfirhies (Pan)
  16 skeletal warriors
  4 shadow wraiths (Pan)
  8 cherubim (Pan)
  10 hell knights
  A torturous demonspawn (Pan)
  2 quicksilver dragon simulacra (Depths:2)
  A storm dragon skeleton (Pan)
  6 naga ritualists
  6 salamander mystics
  6 sea snakes
  3 gelid demonspawn (Pan)
  11 deep trolls
  2 unseen horrors
  2 infernal demonspawn (Pan)
  2 iron trolls
  A kraken simulacrum (Shoals:4)
  5 lindwurms
  5 glowing orange brains
  4 harpies
  8 necromancers
  7 orc knights
  A phantasmal warrior (Vaults:5)
  2 golden dragon skeletons
  4 ironbrand convokers
  5 orc sorcerers
  A frost giant zombie (Depths:3)
  A wolf spider (Vaults:5)
  A sphinx skeleton (Depths:2)
  13 mana vipers
  An iron dragon zombie (Depths:3)
  25 ugly things
  5 deep elf magi
  3 fauns (Shoals:1)
  2 shining eyes
  8 cyclopes
  9 merfolk sirens
  18 manticores
  2 ice statues
  9 salamanders
  A water nymph (shapeshifter) (Vaults:5)
  9 guardian serpents
  23 black mambas
  5 vault sentinels
  2 fire giant skeletons
  2 frost giant skeletons
  8 rust devils (Depths:2)
  A stone giant skeleton (Vaults:5)
  12 naga magi
  12 orange demons
  A molten gargoyle (Desolation)
  An eye of devastation (Slime:2)
  A spriggan skeleton (Depths:3)
  A torpor snail (shapeshifter) (Snake:1)
  10 smoke demons (Pan)
  5 water nymphs
  6 spiny frogs
  A rime drake (shapeshifter) (Vaults:5)
  2 gargoyles (D:14)
  3 demonic crawlers (Pan)
  An elf skeleton (Depths:3)
  4 efreet
  3 rime drakes
  2 centaur skeletons
  2 tormentors (Pan)
  5 freezing wraiths
  3 hellwings (Pan)
  17 yaktaurs
  A golden dragon simulacrum (Depths:2)
  5 trolls
  9 red devils
  9 tengu conjurers
  3 ice devils
  14 merfolk
  A meliai (shapeshifter) (D:14)
  19 polar bears
  A wind drake (shapeshifter) (Vaults:5)
  46 saltlings (Desolation)
  Grinder (D:6)
  A wind drake (Shoals:3)
  3 blink frogs (Lair:5)
  4 hornets (Depths:5)
  55 slime creatures
  An ettin zombie (Depths:2)
  4 dream sheep (Shoals:4)
  7 hippogriffs
  12 snapping turtles
  2 centaur simulacra (D:14)
  31 large abominations (Pan)
  2 flying skulls (Depths:2)
  4 shadows (Depths:2)
  9 water elementals
  A spriggan (shapeshifter) (Vaults:1)
  4 wraiths
  29 yaks
  A vampire (D:14)
  4 spriggans (Depths:5)
  4 wyverns
  6 ynoxinuls (Pan)
  4 basilisks
  An ettin skeleton (Pan)
  4 fire elementals (D:14)
  6 golden eyes (Pan)
  3 hungry ghosts (D:14)
  19 neqoxecs (Pan)
  A steam dragon (Shoals:1)
  A redback simulacrum (D:14)
  8 chaos spawn (Pan)
  4 wargs
  38 nagas
  A floating eye (Pan)
  A soldier ant (D:14)
  4 porcupines
  9 water moccasins
  3 hell hounds (Depths:2)
  34 orc warriors
  2 ice beasts
  A meliai simulacrum (D:14)
  5 sky beasts
  A hornet zombie (D:10)
  5 ettin simulacra (Depths:2)
  4 phantoms
  An ice beast (shapeshifter) (Depths:3)
  A necrophage (D:14)
  18 ogres
  23 wolves
  A tengu (shapeshifter) (Vaults:5)
  6 eyes of draining
  A boggart (Vaults:2)
  13 centaurs
  An elf zombie (Ossuary)
  2 big kobolds
  2 wyvern zombies (D:14)
  12 bullfrogs
  2 gnoll sergeants
  2 scorpions
  10 killer bees (D:9)
  A killer bee (shapeshifter) (Vaults:5)
  8 electric eels
  3 centaur zombies
  5 crimson imps
  3 human zombies
  2 jellies
  19 orc priests
  A quasit (Pan)
  2 hounds
  5 iguanas
  Jessica (D:3)
  A bullfrog skeleton (D:7)
  25 orc wizards
  10 worker ants
  2 hound zombies
  2 mummies (Ossuary)
  8 adders
  20 gnolls
  3 shadow imps
  14 white imps (D:14)
  4 oozes
  An adder skeleton (D:5)
  An adder zombie (Ossuary)
  2 worms
  A dart slug (D:1)
  2 leopard geckos (D:3)
  81 orcs
  3 bats
  7 giant cockroaches
  2 goblins
  3 hobgoblins
  4 jackals
  A quokka (D:12)
  3 frilled lizards
  2 goblin zombies (Ossuary)
  10 hobgoblin zombies (Ossuary)
  11 kobolds
  12 kobold zombies (Ossuary)
  A leopard gecko zombie (D:6)
  7 orc zombies (Ossuary)
  4 rats (D:2)
  A rat zombie (Ossuary)
  A fungus (Lair:3)
  4 pillars of salt (Vaults:2)
  3 plants (Shoals:4)
  7 tentacles (Shoals:4)
1837 creatures vanquished.

Vanquished Creatures (collateral kills)
  8 acid blobs (Slime:5)
  Gastronok (D:8)
  2 daevas (Pan)
  3 azure jellies (Slime:5)
  A warmonger (Pan)
  A merfolk javelineer (Shoals:3)
  2 merfolk impalers
  A naga warrior (Snake:4)
  A servant of whispers (Desolation)
  A centaur warrior (D:14)
  3 anacondas (Snake:4)
  A merfolk avatar (Shoals:4)
  An ogre mage (D:14)
  An alligator snapping turtle (Shoals:4)
  A merfolk aquamancer (Shoals:4)
  A shock serpent (Snake:4)
  3 sea snakes
  A salamander mystic (Snake:4)
  An infernal demonspawn (Pan)
  3 shining eyes
  5 manticores
  A merfolk siren (Shoals:4)
  2 guardian serpents (Snake:4)
  An orange demon (Pan)
  A gargoyle (D:14)
  6 merfolk
  A wind drake (Shoals:2)
  2 saltlings (Desolation)
  3 slime creatures
  A slime creature (shapeshifter) (D:14)
  3 orc warriors
  3 ogres (Orc:1)
  A large abomination (Pan)
  2 orc wizards (Orc:2)
  3 orc priests (Orc:2)
  A gnoll (Orc:1)
  8 orcs
  A plant (Shoals:3)
82 creatures vanquished.

Vanquished Creatures (others)
  Margery (Depths:3)
  An eldritch tentacle (Pan)
  A war gargoyle (Vaults:5)
  A deep troll earth mage (Depths:3)
  A salamander (Snake:4)
  A naga mage (Snake:4)
  A smoke demon (Pan)
  A komodo dragon (Lair:6)
  A yaktaur (Depths:3)
  A slime creature (Slime:5)
  A snapping turtle (Shoals:4)
  A naga (Snake:1)
  2 wolves (IceCv)
  3 fungi (Lair:6)
  20 tentacles (Shoals:4)
37 creatures vanquished.

Grand Total: 1956 creatures vanquished

Notes
Turn   | Place    | Note
-------+----------+-------------------------------------------
     0 | D:1      | Leszczynek the Deep Dwarf Fighter began the quest for the Orb.
     0 | D:1      | Reached XP level 1. HP: 20/20 MP: 1/1
    93 | D:2      | Reached skill level 3 in Axes
    97 | D:2      | Reached XP level 2. HP: 27/27 MP: 2/2
   186 | D:2      | Found a stormy altar of Qazlal.
   207 | D:2      | Found a radiant altar of Vehumet.
   237 | D:2      | Reached skill level 4 in Axes
   237 | D:2      | Reached XP level 3. HP: 18/33 MP: 3/3
   301 | D:2      | Found a shimmering altar of Xom.
   318 | D:3      | Noticed Jessica
   322 | D:3      | Killed Jessica
   322 | D:3      | Reached skill level 5 in Axes
   322 | D:3      | Reached XP level 4. HP: 22/40 MP: 4/4
   336 | D:3      | HP: 1/40 [something/puff of flame (10)]
   469 | D:4      | Found an iron altar of Okawaru.
   472 | D:4      | Found an ornate altar of the Wu Jian Council.
   475 | D:4      | Found a blossoming altar of Fedhas.
   489 | D:4      | Reached skill level 6 in Axes
   489 | D:4      | Reached XP level 5. HP: 37/46 MP: 5/5
   493 | D:4      | Found a sacrificial altar of Ru.
   581 | D:4      | Found a sand-covered staircase.
   585 | Ossuary  | Entered an ossuary
   676 | Ossuary  | Reached skill level 7 in Axes
   679 | Ossuary  | Reached XP level 6. HP: 32/55 MP: 5/5
   855 | D:4      | Found a glowing silver altar of Zin.
   894 | D:4      | if i throw curare needles at him, it'll still work, right?
   894 | D:4      | right?
   904 | D:4      | Reached skill level 8 in Axes
   931 | D:5      | Entered Level 5 of the Dungeon
   955 | D:5      | Reached XP level 7. HP: 41/61 MP: 4/4
  1047 | D:5      | Reached skill level 9 in Axes
  1166 | D:6      | Reached skill level 10 in Axes
  1220 | D:6      | Noticed Grinder
  1221 | D:6      | I AM CONFLICTED RIGHT NOW
  1221 | D:6      | grinder and a runed large shield
  1231 | D:6      | Killed Grinder
  1231 | D:6      | Reached skill level 3 in Fighting
  1231 | D:6      | Reached XP level 8. HP: 52/69 MP: 4/4
  1361 | D:7      | Reached skill level 4 in Shields
  1487 | D:7      | Reached skill level 4 in Fighting
  1487 | D:7      | Reached skill level 11 in Axes
  1495 | D:7      | Reached skill level 5 in Shields
  1541 | D:6      | Gained mutation: You passively map the area around you. [Deep Dwarf growth]
  1541 | D:6      | Reached XP level 9. HP: 40/79 MP: 5/5
  1726 | D:6      | HP: 6/79 [orc warrior/battleaxe (24)]
  1746 | D:6      | watch out, it's an orc warrior, you need 250 hp to fight it
  1934 | D:7      | Found a staircase to the Ecumenical Temple.
  1952 | Temple   | Entered the Ecumenical Temple
  1960 | Temple   | Became a worshipper of Makhleb the Destroyer
  2085 | D:8      | Found an opulent altar of Gozag.
  2101 | D:8      | Reached skill level 12 in Axes
  2155 | D:8      | Reached skill level 5 in Fighting
  2155 | D:8      | Reached skill level 4 in Armour
  2155 | D:8      | Reached skill level 6 in Shields
  2285 | D:9      | Found a stormy altar of Qazlal.
  2298 | D:9      | Found a snail-covered altar of Cheibriados.
  2366 | D:9      | Reached * piety under Makhleb
  2415 | D:9      | Noticed a troll
  2433 | D:9      | Killed a troll
  2445 | D:9      | >1/1
  2445 | D:9      | ctrl+q incoming
  2655 | D:10     | Entered Level 10 of the Dungeon
  2655 | D:10     | Noticed a manticore
  2828 | D:8      | Noticed Erica
  2835 | D:9      | Reached skill level 2 in Invocations
  2835 | D:9      | Reached XP level 10. HP: 51/88 MP: 1/3
  2935 | D:10     | Reached skill level 5 in Armour
  2976 | D:10     | Found Quskao Megi's Gadget Boutique.
  3225 | D:11     | oh, THIS was tp
  3225 | D:11     | rip
  3266 | D:11     | Found a labyrinth entrance.
  3278 | D:11     | Reached skill level 3 in Invocations
  3316 | Lab      | Entered a labyrinth
  3484 | Lab      | yep, should've gone right
  3752 | Lab      | i forgot where i started
  3875 | Lab      | here
  3875 | Lab      | that's fine, it's only 560 turns
  3875 | Lab      | speedruns here
  4047 | Lab      | Noticed a minotaur
  4061 | Lab      | Killed a minotaur
  4061 | Lab      | Reached skill level 7 in Shields
  4062 | Lab      | wew
  4065 | Lab      | Got a heavily runed plate armour
  4076 | Lab      | Identified the +8 plate armour "Gedop" {rCorr Stlth+} (You found it in a labyrinth)
  4076 | Lab      | you know
  4076 | Lab      | i was planning to quit
  4076 | Lab      | but maybe not now
  4125 | D:11     | Reached skill level 13 in Axes
  4131 | D:11     | Reached skill level 6 in Fighting
  4146 | D:11     | Reached ** piety under Makhleb
  4168 | D:11     | Noticed a tengu warrior
  4190 | D:10     | Found a roughly hewn altar of Beogh.
  4190 | D:10     | Found a staircase to the Orcish Mines.
  4232 | D:10     | Found a deep blue altar of Sif Muna.
  4284 | Orc:1    | Entered Level 1 of the Orcish Mines
  4284 | Orc:1    | Noticed an orc sorcerer
  4285 | Orc:1    | uh huh
  4310 | Orc:1    | Reached skill level 6 in Armour
  4311 | Orc:1    | Noticed an orange demon
  4312 | Orc:1    | Reached skill level 1 in Dodging
  4321 | Orc:1    | Killed an orc sorcerer
  4321 | Orc:1    | Reached skill level 2 in Dodging
  4332 | Orc:1    | Noticed Nergalle
  4337 | Orc:1    | Noticed an orc knight
  4338 | Orc:1    | Reached skill level 3 in Dodging
  4354 | Orc:1    | Killed an orc knight
  4354 | Orc:1    | Reached XP level 11. HP: 89/99 MP: 3/3
  4355 | Orc:1    | Noticed an orc sorcerer
  4356 | Orc:1    | Killed an orc sorcerer
  4356 | Orc:1    | Reached skill level 4 in Dodging
  4359 | Orc:1    | Reached *** piety under Makhleb
  4369 | Orc:1    | Killed Nergalle
  4405 | Orc:2    | Entered Level 2 of the Orcish Mines
  4418 | Orc:2    | Found a roughly hewn altar of Beogh.
  4481 | Orc:2    | Reached skill level 5 in Dodging
  4485 | Orc:2    | Reached skill level 7 in Armour
  4544 | Orc:2    | ow
  4544 | Orc:2    | come on
  4544 | Orc:2    | !!! through 27 ac and plate gdr
  4572 | Orc:2    | Reached skill level 7 in Fighting
  4634 | Orc:2    | Reached skill level 4 in Invocations
  4746 | Orc:2    | Found a roughly hewn altar of Beogh.
  4758 | Orc:2    | Reached skill level 5 in Invocations
  4759 | Orc:2    | Found Kamojaep's General Store.
  4767 | Orc:2    | Bought a potion of haste for 180 gold pieces
  4767 | Orc:2    | Bought a scroll of identify for 36 gold pieces
  4791 | Orc:1    | Noticed Urug
  4825 | Orc:2    | Reached **** piety under Makhleb
  4853 | Orc:2    | HP: 15/100 [cyclops (15)]
  4859 | Orc:2    | Reached skill level 6 in Invocations
  4874 | Orc:2    | Found a roughly hewn altar of Beogh.
  4879 | Orc:2    | Noticed an orc knight
  4952 | Orc:2    | Killed an orc knight
  4952 | Orc:2    | Reached skill level 7 in Invocations
  5024 | Orc:2    | Found a staircase to the Elven Halls.
  5060 | Orc:2    | Found a roughly hewn altar of Beogh.
  5065 | Orc:2    | Noticed an orc sorcerer
  5074 | Orc:2    | Killed an orc sorcerer
  5074 | Orc:2    | Reached skill level 8 in Invocations
  5075 | Orc:2    | Found Vulyph's Magic Scroll Boutique.
  5086 | Orc:2    | Bought a scroll of identify for 28 gold pieces
  5086 | Orc:2    | Bought a scroll of magic mapping for 49 gold pieces
  5086 | Orc:2    | Bought a scroll of teleportation for 42 gold pieces
  5086 | Orc:2    | Bought a scroll of enchant armour for 105 gold pieces
  5086 | Orc:2    | Bought a scroll of fear for 49 gold pieces
  5086 | Orc:2    | Bought a scroll of teleportation for 42 gold pieces
  5171 | Orc:2    | Noticed an orc high priest
  5171 | Orc:2    | Noticed an orc sorcerer
  5189 | Orc:2    | Killed an orc sorcerer
  5193 | Orc:2    | Killed an orc high priest
  5193 | Orc:2    | Reached skill level 14 in Axes
  5295 | Orc:2    | Noticed an orc warlord
  5314 | Orc:2    | Killed an orc warlord
  5329 | Orc:2    | Found Ninan's Antique Armour Shoppe.
  5329 | Orc:2    | Found a roughly hewn altar of Beogh.
  5330 | Orc:2    | Found Fouff's Antique Weapon Emporium.
  5379 | Orc:1    | Killed Urug
  5555 | Orc:2    | Bought a smoking battleaxe for 356 gold pieces
  5560 | Orc:2    | Identified the +9 battleaxe "Qojop" {holy, +Rage MR+ MP+9} (You bought it in a shop on level 2 of the Orcish Mines)
  5561 | Orc:2    | hmmmmmmmmmmmmmmmmmmmmmmmmmmmmmmmmmmmmmmmmmmmmmmmmmmmmmmmm
  5561 | Orc:2    | would be nice for extended
  5607 | D:10     | Reached XP level 12. HP: 74/110 MP: 6/6
  5731 | D:11     | Reached skill level 8 in Fighting
  5821 | D:12     | Reached skill level 15 in Axes
  5910 | D:13     | Noticed melvinkitnick's ghost (journeyman GnNe)
  5942 | D:12     | Noticed a death knight
  5959 | D:12     | Killed a death knight
  5972 | D:12     | HP: 21/112 [skeletal warrior/halberd of venom[a skeletal warrior] (8)]
  5979 | D:12     | HP: 21/112 [poisoned by a skeletal warrior]
  6007 | D:12     | HP: 14/112 [skeletal warrior/trident[a skeletal warrior] (11)]
  6011 | D:12     | Noticed a two-headed ogre
  6013 | D:12     | HP: 20/112 [skeletal warrior/halberd of venom[a skeletal warrior] (5)]
  6025 | D:12     | Killed a two-headed ogre
  6025 | D:12     | Reached skill level 9 in Fighting
  6039 | D:12     | Reached skill level 16 in Axes
  6161 | D:12     | Found a portal to a secret trove of treasure.
  6169 | D:12     | trove: +6 demon blade
  6305 | D:13     | Noticed a tengu warrior
  6320 | D:13     | Killed a tengu warrior
  6395 | D:14     | Noticed a four-headed hydra
  6567 | D:14     | Reached ***** piety under Makhleb
  6570 | D:14     | Reached XP level 13. HP: 121/121 MP: 6/6
  6742 | D:14     | Found a frozen archway.
  6750 | D:14     | Reached skill level 17 in Axes
  6767 | D:14     | Reached skill level 10 in Fighting
  6842 | IceCv    | Entered an ice cave
  7156 | IceCv    | Noticed a frost giant
  7205 | IceCv    | the dreaded 3% chance strikes again
  7205 | IceCv    | it doesn't happen until it does and kills you
  7218 | IceCv    | Killed a frost giant
  7219 | IceCv    | it's fine i didn't want that resistance potion
  7232 | IceCv    | Reached skill level 18 in Axes
  7240 | IceCv    | Reached skill level 6 in Dodging
  7470 | D:14     | Reached skill level 8 in Armour
  7553 | D:14     | Gained mutation: You resist negative energy. (rN+) [Deep Dwarf growth]
  7553 | D:14     | Reached XP level 14. HP: 133/133 MP: 5/5
  7730 | D:14     | Noticed Azrael
  7740 | D:14     | Killed Azrael
  7740 | D:14     | Reached skill level 7 in Dodging
  7765 | D:15     | Entered Level 15 of the Dungeon
  8175 | D:9      | Found an iron altar of Okawaru.
  8228 | D:8      | Killed Erica
  8238 | D:8      | Found a hide-covered altar of Uskayaw.
  8264 | D:8      | Reached skill level 9 in Armour
  8285 | D:8      | Found a hazy altar of Hepliaklqana.
  8326 | D:8      | Found Yrghixor's General Store.
  8334 | D:8      | Bought a potion of curing for 48 gold pieces
  8334 | D:8      | Bought a wand of clouds (3) for 336 gold pieces
  8349 | D:8      | Noticed Gastronok
  8387 | D:8      | Killed Gastronok
  8387 | D:8      | Reached skill level 3 in Evocations
  8599 | D:10     | Reached skill level 4 in Evocations
  8780 | D:10     | Found a staircase to the Lair.
  8795 | Lair:1   | Entered Level 1 of the Lair of Beasts
  8807 | Lair:1   | Reached skill level 5 in Evocations
  8944 | Lair:2   | Reached skill level 6 in Evocations
  9042 | Lair:3   | Found a staircase to the Shoals.
  9053 | Lair:3   | Reached ****** piety under Makhleb
  9064 | Shoals:1 | Entered Level 1 of the Shoals
  9097 | Shoals:1 | Reached skill level 7 in Evocations
  9217 | Shoals:1 | Reached skill level 8 in Evocations
  9442 | Shoals:2 | Reached skill level 19 in Axes
  9552 | Shoals:2 | Reached skill level 8 in Dodging
  9675 | Shoals:3 | Reached skill level 11 in Fighting
  9760 | Shoals:3 | Learned a level 2 spell: Song of Slaying
  9793 | Shoals:3 | Reached XP level 15. HP: 129/141 MP: 6/6
 10234 | Shoals:3 | Reached skill level 10 in Armour
 10269 | Shoals:3 | Learned a level 2 spell: Blink
 10274 | Shoals:3 | Learned a level 4 spell: Passage of Golubria
 10289 | Shoals:3 | Learned a level 3 spell: Lesser Beckoning
 10299 | Shoals:4 | Entered Level 4 of the Shoals
 10299 | Shoals:4 | Noticed a kraken
 10299 | Shoals:4 | Noticed a kraken
 10299 | Shoals:4 | Noticed a kraken
 10299 | Shoals:4 | Noticed a kraken
 10397 | Shoals:4 | Reached skill level 9 in Dodging
 10564 | Shoals:4 | HP: 24/142 [drowned by a drowned soul[a merfolk avatar] (13)]
 10816 | Shoals:4 | Identified the +0 helmet of Chimes {rElec rF+} (You found it on level 4 of the Shoals)
 10945 | Shoals:4 | Noticed a frost giant
 10962 | Shoals:4 | Killed a frost giant
 10962 | Shoals:4 | Reached skill level 20 in Axes
 11176 | Shoals:1 | Reached skill level 10 in Dodging
 11247 | Lair:3   | Reached skill level 11 in Armour
 11266 | Lair:3   | Found a staircase to the Snake Pit.
 11304 | Lair:3   | ha ha
 11304 | Lair:3   | okay
 11304 | Lair:3   | let's make this fun
 11474 | Orc:2    | Bought the ring of Due Proportion {*Tele rPois MR+++ Str-3 SInv} for 500 gold pieces
 11655 | Snake:1  | Entered Level 1 of the Snake Pit
 11672 | Snake:1  | Reached skill level 12 in Fighting
 11701 | Snake:1  | Noticed Aizul
 11727 | Snake:1  | Killed Aizul
 11727 | Snake:1  | Reached XP level 16. HP: 79/152 MP: 4/4
 11808 | Snake:1  | okay
 11829 | Snake:1  | Reached skill level 12 in Armour
 11851 | Snake:1  | Found Fenkuhyme's Weapon Shop.
 12111 | Snake:4  | Entered Level 4 of the Snake Pit
 12113 | Snake:4  | go go *tele
 12144 | Snake:4  | Reached skill level 13 in Fighting
 12296 | Snake:4  | Reached skill level 14 in Fighting
 12363 | Snake:4  | Noticed Vashnia
 12399 | Snake:4  | Killed Vashnia
 12492 | Snake:4  | Reached skill level 15 in Fighting
 12535 | Snake:4  | Reached XP level 17. HP: 76/170 MP: 5/5
 12774 | Snake:4  | Reached skill level 16 in Fighting
 12899 | Snake:4  | Got a serpentine rune of Zot
 13539 | D:14     | Found a gate to the Vaults.
 13550 | Vaults:1 | Entered Level 1 of the Vaults
 13577 | Vaults:1 | Reached skill level 17 in Fighting
 13635 | Vaults:1 | Reached skill level 9 in Evocations
 13844 | Vaults:2 | Reached skill level 10 in Evocations
 14058 | Vaults:2 | Found a ruined gateway.
 14070 | Desolati | Entered the Desolation of Salt
 14140 | Desolati | Reached skill level 9 in Invocations
 14201 | Desolati | Gained mutation: You passively map a large area around you. [Deep Dwarf growth]
 14201 | Desolati | Reached XP level 18. HP: 186/186 MP: 7/7
 14210 | Desolati | Found the +1 cloak of Starlight {rElec rC+ EV+4 Stlth--}
 14229 | Desolati | Identified Sif Muna's Compendium of Insomnia
 14252 | Desolati | Identified the ring of Makhleb's Hope {rN+ Str+2} (You found it in the Desolation of Salt)
 14254 | Desolati | Identified the ring "Vefequn" {Wiz *Slow rPois MR+} (You found it in the Desolation of Salt)
 14288 | Desolati | Reached skill level 10 in Invocations
 14388 | Desolati | Reached skill level 11 in Invocations
 14418 | Desolati | Got a bound iron amulet
 14495 | Desolati | Reached skill level 11 in Evocations
 14520 | Desolati | Identified the Volume of Gliding Translocation
 14608 | Vaults:4 | Reached skill level 12 in Invocations
 14755 | Vaults:4 | :)
 14756 | Vaults:4 | Identified the amulet of Dear {Faith rF+} (You found it in the Desolation of Salt)
 14757 | Vaults:4 | oh well, let's stick with it
 14760 | Vaults:5 | Entered Level 5 of the Vaults
 14767 | Vaults:5 | Noticed a tentacled monstrosity
 14797 | Vaults:5 | Reached skill level 18 in Fighting
 14803 | Vaults:5 | Noticed a tentacled monstrosity
 14812 | Vaults:5 | HP: 23/188 [vault warden/battleaxe of freezing (40)]
 14828 | Vaults:5 | Killed a tentacled monstrosity
 14842 | Vaults:5 | Noticed a lich
 14857 | Vaults:5 | Reached skill level 12 in Evocations
 14861 | Vaults:5 | Killed a lich
 14863 | Vaults:5 | Reached skill level 13 in Armour
 14939 | Vaults:5 | Reached XP level 19. HP: 188/196 MP: 10/10
 15045 | Vaults:5 | Reached skill level 11 in Dodging
 15275 | Vaults:5 | Reached skill level 13 in Evocations
 15328 | Vaults:5 | oh, really
 15328 | Vaults:5 | no boots in the game
 15417 | Vaults:5 | Reached skill level 19 in Fighting
 15424 | Vaults:5 | Gained mutation: Your magical capacity is low. (-10% MP) [a shining eye]
 15612 | Vaults:5 | Reached skill level 12 in Dodging
 15642 | Vaults:5 | Got a silver rune of Zot
 15646 | Vaults:5 | what
 15646 | Vaults:5 | XD
 15646 | Vaults:5 | okay, which one did i forget
 15646 | Vaults:5 | shoals one
 15646 | Vaults:5 | ha ha
 15646 | Vaults:5 | pfft
 15646 | Vaults:5 | time to sleep then
 15646 | Vaults:5 | Upgraded the game from 0.21-a0-641-geef9d7f to 0.22-a0
 15659 | Vaults:5 | Reached skill level 14 in Armour
 15667 | Vaults:5 | Learned a level 6 spell: Statue Form
 15793 | Vaults:5 | Noticed an ancient lich
 15802 | Vaults:5 | Killed an ancient lich
 15837 | Vaults:5 | Reached XP level 20. HP: 147/208 MP: 9/9
 15859 | Vaults:5 | Noticed an ancient lich
 15863 | Vaults:5 | Reached skill level 14 in Evocations
 15884 | Vaults:5 | Killed an ancient lich
 15894 | Vaults:5 | Got a transparent copper amulet
 15906 | Vaults:5 | Identified the amulet of Spite {Reflect rC++ Int-2 SH+2} (You took it off an ironheart preserver on level 5 of the Vaults)
 15907 | Vaults:5 | Identified the +6 war axe of Marahira {speed, rF+ rC+} (You took it off a vault guard on level 5 of the Vaults)
 15953 | Vaults:5 | Identified the Tome of Ignition and Weightlessness
 16001 | Vaults:5 | Reached skill level 1 in Earth Magic
 16022 | Vaults:5 | Reached skill level 1 in Transmutations
 16597 | Shoals:4 | Noticed Ilsuiw
 16607 | Shoals:4 | Reached skill level 2 in Earth Magic
 16638 | Shoals:4 | Killed Ilsuiw
 16734 | Shoals:4 | Reached skill level 3 in Earth Magic
 16803 | Shoals:4 | Reached skill level 2 in Transmutations
 16851 | Shoals:4 | Got a barnacled rune of Zot
 16886 | Shoals:4 | Reached skill level 4 in Earth Magic
 17176 | Lair:5   | Reached skill level 3 in Transmutations
 17232 | Lair:6   | Entered Level 6 of the Lair of Beasts
 17253 | Lair:6   | Reached skill level 20 in Fighting
 17324 | Lair:6   | Reached skill level 5 in Earth Magic
 17354 | Lair:6   | Found a staircase to the Slime Pits.
 17375 | Slime:1  | Entered Level 1 of the Pits of Slime
 17433 | Slime:2  | Gained mutation: Scrolls take you a little longer to read. [a shining eye]
 17440 | Slime:1  | Reached skill level 4 in Transmutations
 17445 | Slime:1  | Reached skill level 6 in Earth Magic
 17506 | Slime:3  | Reached skill level 7 in Earth Magic
 17558 | Slime:4  | Reached skill level 5 in Transmutations
 17579 | Slime:5  | Entered Level 5 of the Pits of Slime
 17637 | Slime:5  | Found a viscous altar of Jiyva.
 17637 | Slime:5  | Noticed the Royal Jelly
 17647 | Slime:5  | Reached skill level 8 in Earth Magic
 17671 | Slime:5  | Reached skill level 6 in Transmutations
 17738 | Slime:5  | Killed the Royal Jelly
 17738 | Slime:5  | Reached skill level 9 in Earth Magic
 17738 | Slime:5  | Reached XP level 21. HP: 125/219 MP: 10/10
 17768 | Slime:5  | Learned a level 2 spell: Passwall
 17778 | Slime:5  | Found the +2 shield of Resistance {rF+ rC+ MR+}
 17780 | Slime:5  | Got a translucent bronze amulet
 17783 | Slime:5  | Identified the amulet of Qauttage {Inacc rElec rF+ rC+ Str+2} (You found it on level 5 of the Pits of Slime)
 17819 | Slime:5  | Got a brightly glowing plate armour
 17830 | Slime:5  | Identified the cursed +0 plate armour of Midsummer {rN+ rCorr Int+3} (You found it on level 5 of the Pits of Slime)
 17853 | Slime:5  | Got a glittering steel ring
 17855 | Slime:5  | Identified the ring of Ithiog {Fire Dex+6} (You found it on level 5 of the Pits of Slime)
 17858 | Slime:5  | it's really interesting that i'm still running around with a +4 dex ring
 17887 | Slime:5  | Got a slimy rune of Zot
 18222 | D:10     | Bought a lamp of fire for 640 gold pieces
 18222 | D:10     | Bought a phantom mirror for 480 gold pieces
 18222 | D:10     | Bought a sack of spiders for 320 gold pieces
 18565 | D:15     | Found a staircase to the Depths.
 18593 | Depths:1 | Entered Level 1 of the Depths
 18606 | Depths:1 | Reached skill level 10 in Earth Magic
 18612 | Depths:1 | Reached skill level 7 in Transmutations
 18720 | Depths:2 | Found a hazy altar of Hepliaklqana.
 18754 | Depths:2 | Reached skill level 11 in Earth Magic
 18782 | Depths:2 | Reached skill level 8 in Transmutations
 18846 | Depths:2 | Noticed a juggernaut
 18858 | Depths:2 | Killed a juggernaut
 18886 | Depths:2 | Found a blossoming altar of Fedhas.
 18906 | Depths:2 | Reached skill level 12 in Earth Magic
 18998 | Depths:2 | Found a burning altar of Makhleb.
 19008 | Depths:2 | Reached skill level 9 in Transmutations
 19108 | Depths:2 | Found a shadowy altar of Dithmenos.
 19108 | Depths:2 | Found a gateway to Hell.
 19123 | Depths:2 | Reached skill level 13 in Earth Magic
 19263 | Depths:2 | HP: 42/219 [quicksilver dragon (6)]
 19268 | Depths:2 | HP: 31/219 [quicksilver dragon (10)]
 19271 | Depths:2 | Noticed a golden dragon
 19273 | Depths:2 | Reached skill level 10 in Transmutations
 19287 | Depths:2 | Killed a golden dragon
 19308 | Depths:2 | Reached skill level 14 in Earth Magic
 19347 | Depths:2 | Identified the +0 broad axe "Ydolixy" {flame, rN+ Int+3} (You took it off a spriggan berserker on level 2 of the Depths)
 19406 | Depths:2 | hmm
 19406 | Depths:2 | statue might not really be possible
 19406 | Depths:2 | well then!
 19406 | Depths:2 | lol
 19584 | Depths:3 | Reached XP level 22. HP: 216/228 MP: 10/10
 19600 | Depths:3 | Noticed Margery
 19676 | Depths:3 | Killed Margery
 19751 | Depths:3 | Reached skill level 1 in Translocations
 19932 | Depths:3 | Reached skill level 2 in Translocations
 19948 | Depths:3 | Found a one-way gate leading to the halls of Pandemonium.
 19955 | Depths:3 | nothing can go wrong
 19990 | Depths:3 | Reached skill level 3 in Translocations
 20025 | Depths:4 | Reached skill level 4 in Translocations
 20062 | Depths:4 | Reached skill level 5 in Translocations
 20178 | Depths:5 | Entered Level 5 of the Depths
 20192 | Depths:5 | Reached skill level 6 in Translocations
 20245 | Depths:5 | Reached skill level 7 in Translocations
 20246 | Depths:5 | Noticed Mara
 20257 | Depths:5 | Reached skill level 8 in Translocations
 20261 | Depths:5 | Noticed Leszczynek's illusion
 20269 | Depths:5 | Killed Mara
 20272 | Depths:5 | Reached skill level 9 in Translocations
 20308 | Depths:5 | Reached skill level 10 in Translocations
 20441 | Depths:5 | Found a gate to the Realm of Zot.
 20441 | Depths:5 | Noticed a golden dragon
 20453 | Depths:5 | Killed a golden dragon
 20458 | Depths:5 | Reached skill level 11 in Translocations
 20599 | Pan      | Entered Pandemonium
 20600 | Pan      | i have really, really no business coming here without torment resistance
 20610 | Pan      | Reached skill level 1 in Spellcasting
 20637 | Pan      | Reached skill level 2 in Spellcasting
 20723 | Pan      | Reached skill level 3 in Spellcasting
 20767 | Pan      | Reached skill level 4 in Spellcasting
 20767 | Pan      | Reached XP level 23. HP: 167/236 MP: 11/11
 20852 | Pan      | Reached skill level 5 in Spellcasting
 20872 | Pan      | Entered the realm of Mnoleg.
 20898 | Pan      | Reached skill level 6 in Spellcasting
 20919 | Pan      | Gained mutation: You expend magic power (3 MP) to strengthen your wands. [a cacodemon]
 20924 | Pan      | Reached skill level 7 in Spellcasting
 20926 | Pan      | Gained mutation: Your magical capacity is very low. (-20% MP) [a cacodemon]
 20948 | Pan      | Gained mutation: You have large cloven feet. [a cacodemon]
 20953 | Pan      | Gained mutation: You are occasionally teleported next to monsters. [a neqoxec]
 20957 | Pan      | Gained mutation: You are sometimes teleported next to monsters. [a neqoxec]
 20984 | Pan      | Reached skill level 12 in Translocations
 21015 | Pan      | Reached skill level 13 in Translocations
 21027 | Pan      | Noticed Mnoleg
 21033 | Pan      | Reached skill level 1 in Charms
 21056 | Pan      | Killed Mnoleg
 21056 | Pan      | Reached skill level 3 in Charms
 21063 | Pan      | Reached skill level 4 in Charms
 21122 | Pan      | Gained mutation: Your body sometimes deteriorates upon taking damage. [a neqoxec]
 21156 | Pan      | Identified the ring "Umuariew" {rC++ SInv} (You found it in Pandemonium)
 21179 | Pan      | Learned a level 1 spell: Apportation
 21181 | Pan      | Learned a level 1 spell: Summon Butterflies
 21182 | Pan      | Got a glowing rune of Zot
 21210 | Pan      | Learned a level 5 spell: Irradiate
 21225 | Pan      | Gained mutation: You are dopey. (Int -2) [a neqoxec]
 21291 | Pan      | Lost mutation: Your body sometimes deteriorates upon taking damage. [potion of mutation]
 21291 | Pan      | Lost mutation: You are sometimes teleported next to monsters. [potion of mutation]
 21291 | Pan      | Lost mutation: Scrolls take you a little longer to read. [potion of mutation]
 21291 | Pan      | Lost mutation: You are dopey. (Int -2) [potion of mutation]
 21291 | Pan      | Gained mutation: You are frail. (-10% HP) [potion of mutation]
 21291 | Pan      | Gained mutation: You are partially covered in rugged brown scales. (AC +1, +3% HP) [potion of mutation]
 21292 | Pan      | Lost mutation: Your magical capacity is very low. (-20% MP) [potion of mutation]
 21292 | Pan      | Gained mutation: You are somewhat resistant to further mutation. [potion of mutation]
 21293 | Pan      | Lost mutation: You are frail. (-10% HP) [potion of mutation]
 21293 | Pan      | Lost mutation: You are somewhat resistant to further mutation. [potion of mutation]
 21293 | Pan      | Lost mutation: Your magical capacity is low. (-10% MP) [potion of mutation]
 21293 | Pan      | Gained mutation: Your body sometimes deteriorates upon taking damage. [potion of mutation]
 21293 | Pan      | Gained mutation: You are mostly covered in rugged brown scales. (AC +2, +5% HP) [potion of mutation]
 21293 | Pan      | Gained mutation: Your system is resistant to poisons. (rPois) [potion of mutation]
 21294 | Pan      | Lost mutation: You are occasionally teleported next to monsters. [potion of mutation]
 21294 | Pan      | Lost mutation: Your body sometimes deteriorates upon taking damage. [potion of mutation]
 21294 | Pan      | Lost mutation: Your system is resistant to poisons. (rPois) [potion of mutation]
 21294 | Pan      | Lost mutation: You are mostly covered in rugged brown scales. (AC +2, +5% HP) [potion of mutation]
 21294 | Pan      | Gained mutation: Your body sometimes deteriorates upon taking damage. [potion of mutation]
 21294 | Pan      | Gained mutation: You are partially covered in iridescent scales. (AC +2) [potion of mutation]
 21295 | Pan      | well at least i got rid of teleportitis
 21295 | Pan      | and now i have one more item slot!
 21295 | Pan      | ha ha
 21438 | Pan      | Reached skill level 5 in Charms
 21551 | Pan      | Reached skill level 11 in Transmutations
 21557 | Pan      | Noticed Cuorrag the pandemonium lord
 21567 | Pan      | Killed Cuorrag the pandemonium lord
 21576 | Pan      | HP: 40/243 [??? (20)]
 21580 | Pan      | HP: 19/243 [Ice Fiend (24)]
 21580 | Pan      | HP: 3/243 [Ice Fiend (15)]
 21638 | Pan      | HP: 33/243 [torturous demonspawn/halberd (13)]
 21648 | Pan      | HP: 34/243 [iron troll (4)]
 21813 | Pan      | HP: 54/364 [??? (30)]
 21816 | Pan      | Reached skill level 6 in Charms
 21816 | Pan      | Reached XP level 24. HP: 91/251 MP: 15/15
 21828 | Pan      | HP: 44/251 [smoke demon/divine providence (10)]
 21888 | Pan      | Identified the Tome of Ashen Creation
 21896 | Pan      | Reached skill level 14 in Translocations
 21937 | Pan      | Learned a level 5 spell: Lee's Rapid Deconstruction
 22103 | Pan      | Entered the realm of Gloorx Vloq.
 22171 | Pan      | Reached skill level 8 in Spellcasting
 22323 | Pan      | well what now
 22323 | Pan      | how do i steal the rune
 22360 | Pan      | Reached skill level 12 in Transmutations
 22364 | Pan      | Noticed Gloorx Vloq
 22609 | Pan      | yeah, that works
 22621 | Pan      | oh
 22687 | Pan      | Got a dark rune of Zot
 22777 | Pan      | Noticed Xegho the pandemonium lord
 22786 | Pan      | Killed Xegho the pandemonium lord
 22798 | Pan      | e a s y
 22873 | Pan      | Reached skill level 15 in Earth Magic
 23118 | Pan      | Reached skill level 9 in Spellcasting
 23164 | Pan      | Reached skill level 13 in Transmutations
 23256 | Pan      | Found a glowing silver altar of Zin.
 23293 | Pan      | Reached skill level 16 in Earth Magic
 23683 | Pan      | Reached skill level 17 in Earth Magic
 23829 | Pan      | Noticed a seraph
 23915 | Pan      | HP: 47/251 [daeva/divine providence[a seraph] (9)]
 23920 | Pan      | HP: 43/251 [angel/whip of holy wrath (9)]
 23924 | Pan      | HP: 17/251 [daeva/divine providence[a seraph] (11)]
 23924 | Pan      | HP: 8/251 [angel/whip of holy wrath (9)]
 23931 | Pan      | HP: 45/251 [daeva/eudemon blade of holy wrath[a seraph] (10)]
 23974 | Pan      | HP: 48/251 [cherub/arrow (5)]
 23979 | Pan      | HP: 22/251 [daeva/divine providence[a seraph] (12)]
 23986 | Pan      | HP: 30/251 [daeva/divine providence[a seraph] (13)]
 23992 | Pan      | HP: 18/251 [daeva/divine providence[a seraph] (12)]
 24008 | Pan      | HP: 25/251 [apis (20)]
 24012 | Pan      | what
 24012 | Pan      | wait
 24012 | Pan      | how
 24040 | Pan      | HP: 50/251 [angel/whip of holy wrath (3)]
 24045 | Pan      | HP: 49/251 [angel/whip of holy wrath (1)]
 24067 | Pan      | HP: 48/251 [apis (8)]
 24083 | Pan      | Reached skill level 18 in Earth Magic
 24083 | Pan      | Reached XP level 25. HP: 98/260 MP: 14/14
 24157 | Pan      | Reached skill level 13 in Dodging
 24253 | Pan      | Found a glowing golden altar of the Shining One.
 24257 | Pan      | Got a demonic rune of Zot
 24271 | Pan      | patrol this now you piece of shit
 24377 | Pan      | Noticed Gloorx Vloq
 24378 | Pan      | pfft ha ha
 24378 | Pan      | actually i didn't know he'd come with an entourage
 24378 | Pan      | that's interesting
 24381 | Pan      | HP: 46/260 [???[Gloorx Vloq] (25)]
 24384 | Pan      | HP: 22/260 [large abomination (24)]
 24463 | Pan      | Gained mutation: Potions are less effective at restoring your health. [a cacodemon]
 24466 | Pan      | Entered the realm of Cerebov.
 24467 | Pan      | is this inside the castle
 24467 | Pan      | it is isn't it
 24468 | Pan      | hm?
 24487 | Pan      | Reached skill level 15 in Evocations
 24541 | Pan      | Identified the ring "Joviepar" {Ice *Drain +Blink rElec MP-9} (You found it in Pandemonium)
 24565 | Pan      | Noticed Cerebov
 24566 | Pan      | oh
 24566 | Pan      | that's not good
 24566 | Pan      | but wait, does he float? i vaguely remember cheesing him over the lava
 24566 | Pan      | he doesn't, so why is he on this side
 24566 | Pan      | hm
 24573 | Pan      | Reached skill level 15 in Armour
 24591 | Pan      | HP: 66/391 [Cerebov/great serpentine sword {flame} (14)]
 24593 | Pan      | HP: 27/391 [Cerebov/iron shot (39)]
 24598 | Pan      | HP: 17/261 [Cerebov/great serpentine sword {flame} (26)]
 24599 | Pan      | Identified the +6 sword of Cerebov {flame}
 24599 | Pan      | Annihilated by Cerebov

Vault maps used:
D:1:      tarquinn_simple_flora_water_c, minmay_octomino_c4
D:2:      overflow_temple_1_default, fiery_altar_vehumet, first_ration,
          nicolae_qazlal_general_emergency
D:3:      uniq_jessica
D:4:      old_standard_altar, grunt_temple_overflow_cloverleaf, enter_ossuary_5,
          grunt_ministairs_5, minmay_misc_feat_hallway
D:5:      marbit_many_paths
D:6:      grunt_decor_arrowhead, uniq_grinder
D:7:      temple_fountains, the_bakery, grunt_ministairs_9, tgw_xom
D:8:      nicolae_whirlpool, grunt_gozag_statues, old_standard_altar,
          eat_drink_and_be_merry_uskayaw, serial_shops, shop, uniq_gastronok,
          uniq_erica
D:9:      cheibriados_altar_1, lemuel_crystal_altar, okawaru_altar_gauntlet_db
D:10:     erik_lair_orcish_takeover, minmay_orc_entry_temple_small, basic_altar,
          serial_shops, shop
D:11:     lab_entry_generic
D:12:     enter_trove_1, basic_altar
D:14:     minmay_box_of_statues, david_vaults_4, kennysheep_cross_room,
          serial_ice, serial_ice_e, serial_ice_j, serial_ice_a, serial_ice_o,
          portal_ice_cave_entry_imps, nrook_mini_backslash, minmay_librarian,
          uniq_azrael
D:15:     grunt_enter_depths_hoard, lemuel_tele_altar, grunt_dithmenos_shadows
Temple:   dpeg_three_leaves_temple
Lair:1:   uniq_harold
Lair:2:   grunt_megastairs_4
Lair:3:   elwin_shoals_entry_rocks, guppyfry_snake_entry_island, st_stairs_12
Lair:4:   mu_elephants_graveyard, beast_lair_carwin_8
Lair:6:   hangedman_lair_tendril_chambers, nicolae_slime_entry_slimehenge,
          minivault_23, lookout_lair_type, serial_bayou_shore_a,
          infiniplex_staircase_pool_2
Shoals:1: nicolae_shoals_seven_spires, nicolae_shoals_drake_roost
Shoals:3: cheibrodos_shoals_epimethial_gifts, kb_tengu_band
Shoals:4: shoals_end_grunt_ice, shoals_ilsuiw_ice, nicolae_shoals_kraken_party
Snake:1:  minmay_shop_star, uniq_aizul, uniq_nikola, uniq_josephine
Snake:3:  cheibrodos_snake_lava_hold
Snake:4:  snake_pit_salamanders_mu, hangedman_venom_bottle, uniq_vashnia
Orc:1:    uniq_nergalle, uniq_urug
Orc:2:    grunt_orc_community_town_hall, grunt_orc_community_big_house_2,
          grunt_orc_community_big_house_2, grunt_orc_community_house_1,
          grunt_orc_community_house_3, grunt_orc_community_house_3,
          grunt_orc_community_house_1, basic_altar
Vaults:1: nicolae_vaults_network_star, nicolae_vaults_puzzle_piece,
          nicolae_vaults_little_ls, hangedman_vaults_hat,
          vaults_room_fancy_cross, hangedman_vaults_capsules, v_pattern_1,
          hangedman_vaults_impose, hangedman_vaults_maws,
          nicolae_vaults_rhombus_6
Vaults:2: vaults_room_corners, nicolae_vaults_network_periphery,
          minmay_crypt_entry_simple_round, v_pattern_5,
          hangedman_vaults_stretched_pinwheel, ontoclasm_vaults_spin, v_misc_5,
          serial_ice_h, vaults_room_door_hall, vaults_room_pool,
          portal_desolation_entry_garden, uniq_sojobo, uniq_mennas
Vaults:3: nicolae_vaults_good_morning_starshine, v_misc_29, v_rooms_4,
          nicolae_vaults_network_square, v_misc_23
Vaults:4: hangedman_vaults_variations, hangedman_vaults_cutoff,
          ontoclasm_vaults_idyll, vaults_dpeg_hooks, v_misc_17, v_misc_29,
          nicolae_vaults_ring_of_whatevers, hangedman_vaults_slice,
          ontoclasm_vaults_pinch, v_misc_27
Depths:1: enter_ziggurat_b, grunt_pan_entry_sceptre, minmay_misc_feat_doors,
          hell_entry, kennysheep_doodads, onia_ninara_cookie
Depths:2: grunt_profane_halls, hell_entry, uniq_enchantress
Depths:3: minmay_bloctagon_deflated, rand_demon_pan_entry_1, hell_entry,
          infiniplex_staircase_pool_lava, firewood_loft, serial_bayou_shore_b,
          uniq_margery, uniq_mara
Depths:4: minmay_tri_box, nrook_mini_vaults, hell_entry, rand_demon_pan_entry_4,
          abyss_entry, eino_tiny_chamber, serial_bayou_shore_b
Depths:5: grunt_crosshair, grunt_hell_entry_dis_old, abyss_entry_crystal,
          dk_noncrumbling_2, uniq_frederick, uniq_saint_roka
Pan:      lemuel_hall_of_pain, nicolae_pan_mnolegish_1,
          mnoleg_grunt_wretched_star, nicolae_pan_sigil_obb, rand_demon_6,
          pan_blood_fountain_2, grunt_pan_frozen_over, evilmike_mini_pan_layers,
          pan_disco_hall, pan_blood_fountain_small, nicolae_pan_lom_lobonic_4,
          gloorx_vloq_st, evilmike_mini_pan_diamond, evilmike_holy_pan,
          evilmike_mini_pan_pillars, uniq_gloorx_vloq, evilmike_cerebov_lava,
          nicolae_pan_cerebovesque_2
Ossuary:  ossuary_tomb_1
IceCv:    ice_cave_caverns_03

Skill      XL: |  1  2  3  4  5  6  7  8  9 10 11 12 13 14 15 16 17 18 19 20 21 22 23 24 25 |
---------------+----------------------------------------------------------------------------+-----
Axes           | 3 4 5 6 7 8 10 11 12 13 14 16 18 19 20 | 20.5
Fighting       | 3 4 5 6 7 9 10 11 12 15 17 18 19 20 | 20.3
Shields        | 5 6 7 |  7.4
Armour         | 4 6 7 8 9 11 12 13 14 15 | 15.0
Invocations    | 2 3 8 9 12 | 12.2
Dodging        | 3 5 6 8 10 12 13 | 13.3
Evocations     | 8 10 12 13 14 15 | 15.1
Earth Magic    | 9 14 18 | 18.5
Transmutations | 6 10 11 13 | 13.0
Translocations | 11 13 14 | 14.8
Spellcasting   | 4 7 9 |  9.0
Charms         | 6 |  6.0

Action                   |  1- 3 |  4- 6 |  7- 9 | 10-12 | 13-15 | 16-18 | 19-21 | 22-24 | 25-27 || total
-------------------------+-------+-------+-------+-------+-------+-------+-------+-------+-------++-------
Melee: War axe           |    69 |   213 |   435 |   470 |       |       |       |       |       ||  1187
       Battleaxe         |       |       |       |   198 |  1115 |  1042 |  1316 |  1601 |   158 ||  5430
       Hand axe          |       |       |       |       |    29 |       |       |       |       ||    29
Throw: Tomahawk          |       |       |       |     1 |       |       |       |       |       ||     1
       Javelin           |       |       |       |       |     5 |     2 |     2 |       |       ||     9
 Cast: Apportation       |       |       |       |       |       |       |       |    15 |     1 ||    16
       Lesser Beckoning  |       |       |       |       |       |       |       |     3 |     3 ||     6
       Passage of Golubr |       |       |       |       |       |       |       |    13 |     4 ||    17
       Passwall          |       |       |       |       |       |       |       |     5 |       ||     5
       Lee's Rapid Decon |       |       |       |       |       |       |       |    10 |       ||    10
       Blink             |       |       |       |       |       |       |       |     7 |       ||     7
Invok: Lesser Servant of |       |       |       |    12 |    31 |    10 |    10 |    13 |     2 ||    78
       Minor Destruction |       |       |       |       |     1 |       |       |       |       ||     1
       Greater Servant o |       |       |       |       |       |     2 |     3 |     5 |     1 ||    11
 Abil: Heal Wounds       |       |     5 |    23 |    16 |    15 |     4 |     4 |    11 |     2 ||    80
       Evoke Berserk Rag |       |       |       |     1 |     2 |     1 |       |     2 |     1 ||     7
Evoke: Wand              |       |       |       |       |    19 |    19 |     5 |    12 |     1 ||    56
       Phantom mirror    |       |       |       |       |       |       |     1 |       |       ||     1
       Lamp of fire      |       |       |       |       |       |       |       |     1 |       ||     1
       Sack of spiders   |       |       |       |       |       |       |       |     1 |       ||     1
  Use: Potion            |       |     2 |     5 |     4 |     6 |     7 |       |     7 |     1 ||    32
       Scroll            |       |     4 |     5 |     8 |     6 |     9 |    10 |    10 |     5 ||    57
 Stab: Distracted        |       |       |       |     5 |    15 |     8 |     9 |    15 |     1 ||    53
       Petrified         |       |       |       |       |     8 |       |       |       |       ||     8
       Petrifying        |       |       |       |       |     1 |       |       |       |       ||     1
       Invisible         |       |       |       |       |     7 |       |       |       |       ||     7
       Held in net/web   |       |       |       |       |       |       |       |     1 |       ||     1
  Eat: Chunk             |       |     1 |     7 |     7 |    22 |    13 |    13 |     6 |     2 ||    71
       Ration            |       |       |       |     2 |       |       |     1 |     5 |     1 ||     9
Armor: Scale mail        |    37 |    71 |    43 |       |       |       |       |       |       ||   151
       Skin              |       |       |    50 |       |       |       |       |       |       ||    50
       Plate armour      |       |       |   121 |   317 |   816 |   607 |   866 |  1280 |    97 ||  4104
Dodge: Dodged            |    17 |    53 |    81 |   173 |   570 |   644 |  1275 |  1630 |   123 ||  4566
Block: Shield            |    39 |    82 |   267 |   203 |       |       |       |       |       ||   591

Table legend:
 A = Spawn XP
 B = Non-spawn XP
 C = Spawn XP percentage of total XP
 D = Spawn monster count
 E = Non-spawn monster count
 F = Spawn count percentage of total count
 G = Total turns spent on level
                    A         B        C        D         E        F      G
               +---------+---------+-------+---------+---------+-------+---------
         Total |   42060 | 1151681 |   3.5 |      45 |    1848 |   2.4 | 24599
               +---------+---------+-------+---------+---------+-------+---------
           D:1 |       0 |      10 |   0.0 |       0 |       4 |   0.0 |   102
           D:2 |       0 |      79 |   0.0 |       0 |      20 |   0.0 |   216
           D:3 |       0 |      95 |   0.0 |       0 |      10 |   0.0 |   108
           D:4 |       0 |     240 |   0.0 |       0 |      10 |   0.0 |   265
           D:5 |       0 |     426 |   0.0 |       0 |      10 |   0.0 |   178
           D:6 |       0 |    1010 |   0.0 |       0 |      19 |   0.0 |   446
           D:7 |       0 |    1367 |   0.0 |       0 |      18 |   0.0 |   448
           D:8 |       0 |    4138 |   0.0 |       0 |      22 |   0.0 |   508
           D:9 |       0 |    1872 |   0.0 |       0 |      38 |   0.0 |   755
          D:10 |       0 |    1988 |   0.0 |       0 |      33 |   0.0 |  1131
          D:11 |       0 |    8284 |   0.0 |       0 |      31 |   0.0 |   543
          D:12 |       0 |    9486 |   0.0 |       0 |      24 |   0.0 |   477
          D:13 |       0 |    3725 |   0.0 |       0 |      23 |   0.0 |   422
          D:14 |       0 |   24367 |   0.0 |       0 |      79 |   0.0 |  1082
          D:15 |       0 |    4808 |   0.0 |       0 |       9 |   0.0 |   275
        Lair:1 |       0 |     821 |   0.0 |       0 |       2 |   0.0 |    91
        Lair:2 |       0 |    3194 |   0.0 |       0 |      16 |   0.0 |   305
        Lair:3 |       0 |    2785 |   0.0 |       0 |      12 |   0.0 |   336
        Lair:4 |       0 |     520 |   0.0 |       0 |       2 |   0.0 |    57
        Lair:5 |       0 |    3120 |   0.0 |       0 |      10 |   0.0 |   186
        Lair:6 |       0 |    5226 |   0.0 |       0 |      15 |   0.0 |   185
      Shoals:1 |       0 |    5397 |   0.0 |       0 |      12 |   0.0 |   359
      Shoals:2 |       0 |    8406 |   0.0 |       0 |      19 |   0.0 |   401
      Shoals:3 |       0 |   17783 |   0.0 |       0 |      36 |   0.0 |   771
      Shoals:4 |       0 |   48384 |   0.0 |       0 |      77 |   0.0 |  1130
       Snake:1 |       0 |   18985 |   0.0 |       0 |      33 |   0.0 |   249
       Snake:2 |       0 |     617 |   0.0 |       0 |       2 |   0.0 |    72
       Snake:3 |       0 |    5818 |   0.0 |       0 |      11 |   0.0 |   261
       Snake:4 |       0 |   84212 |   0.0 |       0 |     127 |   0.0 |   997
       Slime:1 |       0 |    5634 |   0.0 |       0 |      13 |   0.0 |   103
       Slime:2 |       0 |   10606 |   0.0 |       0 |      17 |   0.0 |    51
       Slime:3 |       0 |    3604 |   0.0 |       0 |       6 |   0.0 |    48
       Slime:4 |       0 |    2123 |   0.0 |       0 |       8 |   0.0 |    55
       Slime:5 |       0 |   30166 |   0.0 |       0 |      23 |   0.0 |   383
         Orc:1 |       0 |    5548 |   0.0 |       0 |      44 |   0.0 |   287
         Orc:2 |       0 |    7614 |   0.0 |       0 |      88 |   0.0 |  1092
      Vaults:1 |       0 |   14934 |   0.0 |       0 |      25 |   0.0 |   338
      Vaults:2 |       0 |   10704 |   0.0 |       0 |      22 |   0.0 |   337
      Vaults:4 |       0 |    7284 |   0.0 |       0 |      17 |   0.0 |   252
      Vaults:5 |       0 |  178390 |   0.0 |       0 |     142 |   0.0 |  1269
      Depths:1 |       0 |    9123 |   0.0 |       0 |      11 |   0.0 |    86
      Depths:2 |       0 |   94801 |   0.0 |       0 |     109 |   0.0 |   839
      Depths:3 |       0 |   49999 |   0.0 |       0 |      56 |   0.0 |   520
      Depths:4 |       0 |   13790 |   0.0 |       0 |      22 |   0.0 |   200
      Depths:5 |       0 |   58961 |   0.0 |       0 |      52 |   0.0 |   361
           Pan |   42060 |  328712 |  11.3 |      45 |     306 |  12.8 |  4000
           Lab |       0 |    1098 |   0.0 |       0 |       1 |   0.0 |   785
       Ossuary |       0 |     308 |   0.0 |       0 |      39 |   0.0 |   240
         IceCv |       0 |   11264 |   0.0 |       0 |      45 |   0.0 |   476
    Desolation |       0 |   39855 |   0.0 |       0 |      78 |   0.0 |   484
               +---------+---------+-------+---------+---------+-------+---------
